AoeStats
← mtcossack

Fortress

509636992Analyzed
2v2 RM · 4d ago on Sep 27, 2026· 48m 5s· 4 players
Game mode
Random Map
Map size
Normal (6 player)
Population
200
Speed
Normal
Resources
Standard
Victory
Conquest
Starting age
Dark Age
Ending age
Imperial Age
RankedLock teamsTeams togetherTeam positionsShared explorationLock speedFull tech treeHidden civsTurbo modeCheats
Victory
Defeat
🇺🇸 Poles · United States
734
+13
🇺🇸 Burgundians · United States
717
+14
🇨🇿 Varangians · Czechia
687
-14
🇨🇿 Magyars · Czechia
665
-14
mtcossack
7:41 Feudal Age
9:47 Loom
12:22 Castle Age
10:13 Double-Bit Axe
10:29 Horse Collar
12:33 Gold Mining
14:41 Bow Saw
15:51 Wheelbarrow
15:27 Scale Barding Armor
15:44 Town Watch
16:02 Stone Mining
16:18 Heavy Plow
17:31 Forging
18:11 Bloodlines
18:06 Fletching
20:51 Hand Cart
22:17 Town Patrol
24:05 Szlachta Privileges
24:24 Chain Barding Armor
25:35 Husbandry
26:14 Iron Casting
25:23 Treadmill Crane
27:04 Bodkin Arrow
27:37 Ballistics
31:40 Imperial Age
33:00 Crop Rotation
32:27 Cavalier
32:40 Capped Ram
34:24 Blast Furnace
33:25 Bracer
34:28 Chemistry
33:39 Masonry
35:08 Caravan
35:41 Conscription
35:59 Hoardings
35:55 Light Cavalry
36:52 Siege Engineers
36:50 Padded Archer Armor
38:00 Murder Holes
38:30 Lechitic Legacy
38:28 Siege Ram
38:36 Pikeman
39:25 Scale Mail Armor
40:23 Chain Mail Armor
40:56 Squires
40:47 Arson
41:37 Plate Mail Armor
41:32 Winged Hussar
43:12 Fortified Wall
JOE.GOAT
8:05 Feudal Age
13:37 Castle Age
12:39 Double-Bit Axe
12:36 Horse Collar
12:49 Gold Mining
13:51 Heavy Plow
14:06 Bow Saw
15:41 Stone Mining
17:48 Two-Man Saw
17:49 Loom
18:39 Wheelbarrow
17:51 Town Watch
19:33 Crop Rotation
19:41 Stone Shaft Mining
21:05 Hand Cart
21:46 Gold Shaft Mining
23:42 Town Patrol
26:19 Caravan
31:51 Imperial Age
30:45 Forging
30:41 Scale Barding Armor
30:41 Burgundian Vineyards
31:12 Husbandry
30:35 Cavalier
33:04 Paladin
35:34 Iron Casting
35:20 Chain Barding Armor
34:51 Fletching
35:01 Padded Archer Armor
35:26 Conscription
36:26 Chemistry
35:48 Ballistics
35:24 Murder Holes
38:40 Blast Furnace
38:15 Plate Barding Armor
Skitles222
7:43 Feudal Age
8:31 Double-Bit Axe
8:29 Horse Collar
9:30 Wheelbarrow
13:09 Stone Mining
13:10 Gold Mining
15:48 Castle Age
16:52 Heavy Plow
17:34 Scale Mail Armor
18:09 Bow Saw
19:32 Gold Shaft Mining
19:46 Corvinian Army
21:40 Scale Barding Armor
23:26 Hand Cart
22:57 Loom
25:03 Caravan
25:34 Coinage
27:06 Chain Barding Armor
27:02 Chain Mail Armor
33:01 Imperial Age
31:25 Murder Holes
31:41 Masonry
31:12 Treadmill Crane
32:10 Pikeman
32:11 Man-at-Arms
32:37 Arson
33:10 Elite Magyar Huszar
34:52 Plate Barding Armor
35:23 Chemistry
38:48 Banking
41:52 Halberdier
Dr460n1um-CZ
7:12 Feudal Age
12:44 Double-Bit Axe
12:41 Horse Collar
16:00 Castle Age
14:30 Gold Mining
19:32 Bow Saw
22:27 Wheelbarrow
22:13 Heavy Plow
23:36 Scale Barding Armor
25:18 Bloodlines
25:10 Husbandry
26:39 Hand Cart
31:44 Imperial Age
30:16 Stone Mining
34:39 Stone Shaft Mining
34:45 Conscription
35:39 Chain Barding Armor
35:29 Forging
39:04 Two-Man Saw
38:38 Crop Rotation
38:59 Cavalier
40:23 Plate Barding Armor
40:28 Loom
43:36 Vendel Legacy
Connection lost

Rejoining the realm…

Still unreachable

The connection could not be restored.

Session expired

The server has moved on; the page needs a fresh start.